 Dungeon Crawl Stone Soup version 0.17.0-28-g6e173f8 (webtiles) character file.

390 Plein the Slasher (level 7, -5/52 HPs)
             Began as a Human Berserker on Nov 23, 2015.
             Was a Priest of Trog.
             Slain by a mummy (14 damage)
             ... in an ossuary.
             The game lasted 00:17:00 (4051 turns).

Plein the Slasher (Human Berserker)                 Turns: 4051, Time: 00:17:00

Health: -5/52      AC:  5    Str: 18    XL:     7   Next: 7%
Magic:  7/7        EV: 12    Int:  7    God:    Trog [***...]
Gold:   145        SH:  0    Dex: 14    Spells: 0 memorised, 6 levels left

rFire  . . .     SeeInvis +     a - +0 falchion
rCold  . . .     Clarity  .     w - +0 leather armour
rNeg   . . .     SustAt   .     (no shield)
rPois  .         Gourm    .     u - +0 helmet
rElec  .         Spirit   .     (no cloak)
rCorr  .         Warding  .     k - +0 pair of gloves
rMut   .         Stasis   .     (no boots)
MR     +....                    (no amulet)
Stlth  +.........               j - ring of see invisible
                                m - ring of protection from magic

@: exhausted, slowed, very slow, somewhat resistant to hostile enchantments,
very unstealthy
A: no striking features
a: Berserk, Trog's Hand, Burn Spellbooks, Renounce Religion


You were in an ossuary.
You worshipped Trog.
Trog was most pleased with you.
You were not hungry.

You visited 1 branch of the dungeon, and saw 4 of its levels.
You also visited: Ossuary.

You collected 145 gold pieces.

Inventory:

Hand Weapons
 a - a +0 falchion (weapon)
 i - a +0 blowgun
Missiles
 d - 131 stones (quivered)
 l - 3 tomahawks
 v - a throwing net
Armour
 k - a +0 pair of gloves (worn)
 u - a +0 helmet (worn)
 w - a +0 leather armour (worn)
 y - a +0 plate armour
 A - a +0 ring mail
Jewellery
 j - a ring of see invisible (right hand)
 m - a ring of protection from magic (left hand)
 q - an uncursed ring of sustain attributes
 z - an uncursed amulet of stasis
Wands
 t - a wand of random effects (7)
Scrolls
 h - a scroll of teleportation
 s - 2 scrolls of identify
 B - 2 scrolls of fog {unknown}
Potions
 b - a potion of haste
 e - a potion of lignification
 f - 5 potions of curing
 g - a potion of heal wounds {unknown}
 n - a potion of agility {unknown}
 o - a potion of brilliance {unknown}
 r - a potion of magic {unknown}
 x - 2 potions of resistance {unknown}
Comestibles
 c - 3 bread rations
 p - 2 meat rations


   Skills:
 - Level 3.4 Fighting
 + Level 7.0 Long Blades
 - Level 2.0 Armour
 - Level 2.4 Dodging


You had 6 spell levels left.
You didn't know any spells.

Dungeon Overview and Level Annotations

Branches:
Dungeon (4/15)
 Temple: D:4-7

Altars:
Dithmenos
Sif Muna


Message History

You feel better. The mummy closely misses you.
There is an open door here.
You hit the mummy.
The mummy is severely damaged.
The mummy hits you.
* * * LOW HITPOINT WARNING * * *
You hit the mummy but do no damage.
The mummy is severely damaged.
The mummy hits you but does no damage.
You slash the mummy!
You destroy the mummy!
You hit the mummy but do no damage. The mummy closely misses you.
You hit the mummy.
The mummy is moderately damaged.
The mummy hits you!
* * * LOW HITPOINT WARNING * * *
You hit the mummy but do no damage.
The mummy is moderately damaged.
The mummy hits you!
You die...

#########################
........................∩
.........................
##+###'###'###'###+###..
#.@.#...#...# #..
####M###'###'### #..
#....#....#....# #..
#....#....#....# #..
#....#....#....# +..
#....#....#....# #..
###'############ #..
#.........# #..
#.........# +..


You could see a mummy.

Vanquished Creatures
  A wight (D:2)
  A centaur zombie (Ossuary)
  An orc wizard (D:3)
  Natasha (thrice) (D:2)
  An ogre zombie (Ossuary)
  6 mummies (Ossuary)
  Robin (D:2)
  4 adders
  An ooze (D:3)
  An adder zombie (Ossuary)
  2 worms (D:2)
  4 giant geckos
  6 orcs
  8 bats
  6 giant cockroaches
  13 goblins
  14 hobgoblins
  9 jackals
  7 kobolds
  4 giant newts
  A hobgoblin zombie (Ossuary)
  A quokka (D:3)
  5 rats
100 creatures vanquished.

Notes
Turn   | Place    | Note
--------------------------------------------------------------
     0 | D:1      | Plein the Human Berserker began the quest for the Orb.
     0 | D:1      | Reached XP level 1. HP: 18/18 MP: 1/1
    53 | D:1      | Reached XP level 2. HP: 16/24 MP: 2/2
   248 | D:1      | Reached XP level 3. HP: 25/29 MP: 3/3
  1226 | D:2      | Noticed Natasha
  1230 | D:2      | Killed Natasha
  1230 | D:2      | Reached ** piety under Trog
  1230 | D:2      | Reached skill level 4 in Long Blades
  1230 | D:2      | Reached XP level 4. HP: 35/35 MP: 4/4
  1254 | D:2      | Noticed Natasha
  1371 | D:2      | Killed Natasha
  1609 | D:2      | Noticed Natasha
  1617 | D:2      | Killed Natasha
  1904 | D:2      | Reached XP level 5. HP: 38/41 MP: 5/5
  1918 | D:2      | Noticed Robin
  2282 | D:2      | Killed Robin
  2282 | D:2      | Reached skill level 5 in Long Blades
  2411 | D:2      | Reached *** piety under Trog
  2433 | D:2      | Reached XP level 6. HP: 38/47 MP: 6/6
  2674 | D:3      | Found a faded altar to an unknown god.
  2986 | D:3      | Reached skill level 6 in Long Blades
  3501 | D:3      | Found a deep blue altar of Sif Muna.
  3502 | D:3      | Found a shadowy altar of Dithmenos.
  3778 | D:4      | Found a sand-covered staircase.
  3786 | Ossuary  | Entered an ossuary
  4031 | Ossuary  | Reached XP level 7. HP: 52/52 MP: 7/7
  4037 | Ossuary  | Reached skill level 7 in Long Blades
  4051 | Ossuary  | Slain by a mummy

Action                   |  1- 3 |  4- 6 |  7- 9 || total
-------------------------+-------+-------+-------++-------
Melee: Falchion          |    93 |   296 |    12 ||   401
Throw: Stone             |     2 |    11 |       ||    13
Invok: Berserk           |     3 |     3 |       ||     6
Evoke: Wand              |       |     3 |       ||     3
  Use: Scroll            |       |     6 |       ||     6
       Potion            |       |       |     1 ||     1
 Stab: Sleeping          |       |     1 |       ||     1
  Eat: Chunk             |     3 |    11 |       ||    14
       Bread ration      |       |     1 |       ||     1
